 Dungeon Crawl Stone Soup version 0.31-a0-1074-g0b22e4e0f1 (webtiles) character file.

Game seed: 15094463318889380835

2309 lonewolfV2 the Blocker (level 9, -2/72 HPs)
             Began as a Formicid Fighter on Dec 6, 2023.
             Was an Elder of Jiyva.
             Slain by a killer bee (3 damage)
             ... on level 7 of the Dungeon.
             The game lasted 00:10:10 (6192 turns).

lonewolfV2 the Blocker (Formicid Fighter)           Turns: 6192, Time: 00:10:10

Health: -2/72      AC:  9    Str: 23    XL:     9   Next: 68%
Magic:  9/9        EV: 11    Int:  8    God:    Jiyva [****..]
Gold:   302        SH:  6    Dex: 15    Spells: 8/8 levels left

rFire   + . .        a - +0 war axe
rCold   + . .        c - +0 buckler
rNeg    . . .        e - +1 plate armour
rPois   +            (helmet unavailable)
rElec   +            (no cloak)
rCorr   +            (no gloves)
SInv    +            (no boots)
Will    .....        g - amulet of faith Stlth
                     l - +5 ring of evasion
HPRegen 1.60/turn    (no ring)
MPRegen 0.51/turn

%: clarity, faith
@: mighty, lethally poisoned (-2 -> -2), resistant
A: permanent stasis, dig shafts and tunnels, antennae 3, four strong arms,
clarity, pseudopods 3
a: Dig, Shaft Self, Renounce Religion, Oozemancy, Slimify


You were on level 7 of the Dungeon.
You worshipped Jiyva.
Jiyva was greatly pleased with you.
You visited 1 branch of the dungeon, and saw 7 of its levels.
You also visited: Sewer.

You collected 302 gold pieces.

Inventory:

Hand Weapons
 a - a +0 war axe (weapon)
Armour
 c - a +0 buckler (worn)
 e - a +1 plate armour (worn)
Jewellery
 b - a ring of magical power
 g - an amulet of faith (around neck)
 l - a +5 ring of evasion (left hand)
 n - a ring of wizardry
Wands
 p - a wand of quicksilver (7)
 s - a wand of flame (18)
Scrolls
 i - a scroll of fear
 t - 3 scrolls of poison
Potions
 d - a potion of might
 f - a potion of degeneration
 h - 3 potions of enlightenment
 j - a potion of resistance
 k - 2 potions of haste
 m - a potion of brilliance
 o - a potion of invisibility {unknown}
 q - a potion of magic {unknown}
 r - a potion of attraction {unknown}


   Skills:
 - Level 7.3 Fighting
 + Level 6.5 Axes
 + Level 7.5 Armour
 - Level 9.1 Shields


You had 8 spell levels left.
You didn't know any spells.
Your spell library contained the following spells:

 Spells                   Type           Power      Damage    Failure   Level
 Kiss of Death            Conj/Necr      0%         2d5       100%        1
 Confusing Touch          Hex            0%         N/A       100%        3
 Inner Flame              Hex/Fire       0%         N/A       100%        3
 Volatile Blastmotes      Fire/Tloc      0%         2d10      100%        3
 Dispel Undead            Necr           0%         3d6       100%        4
 Fulminant Prism          Conj/Hex       0%         3d5       100%        4
 Iskenderun's Mystic Bla  Conj/Tloc      0%         2d3       100%        4
 Yara's Violent Unravell  Hex/Tmut       0%         3d3       100%        5
 Enfeeble                 Hex            0%         N/A       100%        7


Dungeon Overview and Level Annotations

Branches:
Dungeon (7/15)             Temple (0/1) D:6           Sewer (visited)

Altars:
Cheibriados
Hepliaklqana
Nemelex Xobeh
Okawaru
Uskayaw
Wu Jian

Shops:
D:1 (   D:3 !

Annotations:
D:7 Jeremiah


Innate Abilities, Weirdness & Mutations

You cannot be hasted, slowed, berserked, paralysed or teleported.
You can dig through walls and to a lower floor.
You have a pair of large antennae on your head. (SInv)
Your four strong arms can wield two-handed weapons with a shield.
You possess an exceptional clarity of mind.
Armour fits poorly on your massive pseudopods.


Message History

The killer bee barely misses you. You block the killer bee's attack.
You feel protected.
You feel sick.
The butterfly disappears in a burst of colours! x3
The killer bee stings you.
The killer bee stings you but does no damage.
You block the killer bee's attack.
The killer bee stings you but does no damage.
The killer bee closely misses you. x2; The killer bee stings you.
* * * LOW HITPOINT WARNING * * *
The killer bee closely misses you. The killer bee barely misses you.
The killer bee stings you.
* * * LOW HITPOINT WARNING * * *
Jeremiah hops!
Okay, then.
You feel very mighty all of a sudden.
You feel sick.
The killer bee is no longer covered in acid.
The killer bee barely misses you. x2; You block the killer bee's attack.
The killer bee barely misses you. The killer bee stings you.
* * * LOW HITPOINT WARNING * * *
The killer bee stings you but does no damage. x3
The killer bee barely misses you.
The killer bee stings you but does no damage.
You barely miss the killer bee.
The killer bee is moderately wounded.
You hit the killer bee. You barely miss the killer bee. You hit the butterfly.
You kill the butterfly!
The butterfly disappears in a burst of colours!
You slash the killer bee! You miss the killer bee.
You feel sick.
The butterfly disappears in a burst of colours! x4
The killer bee stings you.
* * * LOW HITPOINT WARNING * * *
The killer bee stings you.
* * * LOW HITPOINT WARNING * * *
The killer bee stings you.
* * * LOW HITPOINT WARNING * * *
You block the killer bee's attack. The killer bee barely misses you.
The killer bee stings you.
You die...

.........# ###.....#
.........+ #.....###
......b..# #..##....
....b....# ######..##....
......b.# ..............
....bbO°# ..............
.....b..# ..............
......b.##########.##...{
.......y@y.# ###.##{...
.......yyy.# ##...##....
...........####..####....
...F.b.....##.....# #....
...........#......# ##
.....b............#
.....b......#.....#
.#....#....##.....#
..........##.....#


You could see Jeremiah, an ogre and 5 killer bees.

Vanquished Creatures
  A steam dragon (D:6)
  Duvessa (D:6)
  An orc warrior (D:6)
  3 sky beasts
  6 ogres
  2 centaurs
  A phantom (D:6)
  A bullfrog (D:6)
  Blork the orc (D:6)
  A scorpion (D:7)
  Dowan (D:6)
  4 howler monkeys
  2 jellies (Sewer)
  A hound (D:5)
  2 orc priests
  3 sleepcaps
  Natasha (D:2)
  4 iguanas
  2 orc wizards (D:5)
  Robin (D:3)
  8 adders
  3 river rats (Sewer)
  A white imp (D:6)
  2 ufetubi (D:7)
  5 worms
  3 dart slugs
  9 orcs
  5 ball pythons (D:1)
  13 endoplasms
  5 giant cockroaches
  14 goblins
  5 hobgoblins
  10 jackals
  7 kobolds
  5 quokkas
  5 bats
  6 frilled lizards
  9 rats
154 creatures vanquished.

Vanquished Creatures (others)
  An ogre (D:7)
  A scorpion (D:5)
  14 jellies
  A hound (D:5)
  An orc wizard (D:5)
  An adder (D:4)
  A river rat (Sewer)
  A shadow imp (D:7)
  3 orcs (D:5)
  A ball python (D:4)
  3 jackals (D:4)
  A quokka (D:5)
29 creatures vanquished.

Grand Total: 183 creatures vanquished

Notes
Turn   | Place    | Note
-------+----------+-------------------------------------------
     0 | D:1      | lonewolfV2 the Formicid Fighter began the quest for the
                  | Orb.
     0 | D:1      | Reached XP level 1. HP: 18/18 MP: 1/1
     0 | D:1      | Found a faded altar of an unknown god.
    22 | D:1      | Prayed at the altar of an unknown god.
    22 | D:1      | Became a worshipper of Hepliaklqana the Forgotten
    22 | D:1      | Reached * piety under Hepliaklqana
    23 | D:1      | Fell from the grace of Hepliaklqana
   235 | D:1      | Was forgiven by Hepliaklqana
   327 | D:1      | Reached XP level 2. HP: 22/22 MP: 2/2
   570 | D:1      | Found Deinatim's Weapon Shop.
   863 | D:2      | Reached XP level 3. HP: 26/29 MP: 3/3
  1161 | D:2      | Reached XP level 4. HP: 36/36 MP: 4/4
  1346 | D:2      | Noticed Natasha
  1353 | D:2      | Killed Natasha
  1961 | D:3      | Found Eshrerchiab's Distillery.
  1966 | D:3      | Reached XP level 5. HP: 41/41 MP: 5/5
  2024 | D:3      | Found a hide-covered altar of Uskayaw.
  2024 | D:3      | Found an iron altar of Okawaru.
  2382 | D:3      | Noticed Robin
  2397 | D:3      | Killed Robin
  2940 | D:3      | Reached skill level 5 in Axes
  3428 | D:4      | Found a glowing drain.
  3465 | Sewer    | Entered a sewer
  3558 | Sewer    | Reached XP level 6. HP: 38/48 MP: 6/6
  3651 | Sewer    | Found a viscous altar of Jiyva.
  3750 | Sewer    | Became a worshipper of Jiyva Jecetorp the Shapeless
  3852 | D:4      | Reached skill level 5 in Fighting
  4145 | D:4      | Found a snail-covered altar of Cheibriados.
  4229 | D:4      | Reached * piety under Jiyva
  4317 | D:4      | Noticed an ogre
  4327 | D:4      | Killed an ogre
  4328 | D:4      | Reached XP level 7. HP: 40/57 MP: 7/7
  4541 | D:5      | Entered Level 5 of the Dungeon
  4565 | D:5      | Found an ornate altar of the Wu Jian Council.
  4849 | D:5      | Reached XP level 8. HP: 41/67 MP: 8/8
  4866 | D:5      | Reached ** piety under Jiyva
  5155 | D:6      | Found a sparkling altar of Nemelex Xobeh.
  5186 | D:6      | Reached *** piety under Jiyva
  5193 | D:6      | Gained mutation: Armour fits poorly on your pseudopods.
                  | [Jiyva's grace]
  5193 | D:6      | Gained mutation: Armour fits poorly on your large
                  | pseudopods. [Jiyva's grace]
  5193 | D:6      | Gained mutation: Armour fits poorly on your massive
                  | pseudopods. [Jiyva's grace]
  5193 | D:6      | Gained mutation: You possess an exceptional clarity of
                  | mind. [Jiyva's grace]
  5233 | D:6      | Reached skill level 5 in Shields
  5243 | D:6      | Found a staircase to the Ecumenical Temple.
  5250 | D:6      | Reached skill level 6 in Shields
  5499 | D:6      | Reached skill level 5 in Armour
  5611 | D:6      | Reached XP level 9. HP: 72/72 MP: 9/9
  5640 | D:6      | Reached skill level 7 in Shields
  5665 | D:6      | Noticed Blork the orc
  5681 | D:6      | Killed Blork the orc
  5757 | D:6      | Noticed Dowan
  5760 | D:6      | Noticed Duvessa
  5762 | D:6      | Killed Dowan
  5763 | D:6      | Reached skill level 8 in Shields
  5773 | D:6      | Killed Duvessa
  6067 | D:7      | Reached skill level 9 in Shields
  6163 | D:7      | Reached **** piety under Jiyva
  6173 | D:7      | Noticed Jeremiah
  6192 | D:7      | HP: 1/72 [killer bee (4)]
  6192 | D:7      | Slain by a killer bee

Illustrated notes

Levels and vault maps discovered:
D:1:      eino_arrival_druids_welcome, layout_loops_ring, serial_shops,
          nicolae_shop_hallway_stairs, basic_ecumenical_altar
D:2:      layout_basic, uniq_natasha
D:3:      layout_basic, gammafunk_temple_overflow_wave, serial_shops,
          nicolae_lakefront_shop, uniq_robin
D:4:      layout_basic, slow_altar_1, cheibrodos_sewer_entry_drain
D:5:      layout_gridville, mainiacjoe_overflow_cross_hatched
D:6:      layout_rooms, kennysheep_mini, minmay_temple_entry_junction_2,
          nicolae_concentric_dashed_squares_mild, palyth_stone_intersect,
          uniq_blork_the_orc, uniq_duvessa
D:7:      layout_basic, uniq_jeremiah

Skill      XL: |  1  2  3  4  5  6  7  8  9 |
---------------+----------------------------+-----
Axes           | 3 4 5 6 |  6.5
Fighting       | 4 5 7 |  7.3
Armour         | 5 7 |  7.5
Shields        | 6 9 |  9.1

Action                     |  1- 3 |  4- 6 |  7- 9 || total
---------------------------+-------+-------+-------++-------
  Melee: War axe           |    91 |   178 |   188 ||   457
         Pseudopods        |       |       |    29 ||    29
 Invoke: Renounce Religion |     1 |       |       ||     1
  Evoke: Wand              |       |       |     4 ||     4
    Use: Scroll            |     4 |     7 |     5 ||    16
         Potion            |       |     1 |     3 ||     4
 Armour: Plate armour      |    76 |   140 |   195 ||   411
         Scale mail        |     9 |       |       ||     9
  Dodge: Dodged            |    25 |    86 |   129 ||   240
  Block: Buckler           |    28 |    47 |    73 ||   148
         Form:             |       |     1 |       ||     1
         Blade             |       |     1 |       ||     1

Table legend: (Time is in decaauts)
 A = Elapsed time spent in this place.
 B = Non-inter-level travel time spent in this place.
 C = Inter-level travel time spent in this place.
 D = Time resting spent in this place.
 E = Time spent auto-exploring this place.
 F = Levels seen in this place.
 G = Mean time per level.
                   A        B        C        D        E       F      G
               +--------+--------+--------+--------+--------+-----+--------+
         Total |   6351 |   6242 |    109 |   1247 |   3528 |   8 |  793.9 |
       Dungeon |   5956 |   5847 |    109 |   1168 |   3392 |   7 |  850.9 |
         Sewer |    394 |    394 |      0 |     79 |    136 |   1 |  394.0 |
               +--------+--------+--------+--------+--------+-----+--------+

Top non-repeatable levels by time:
     D:3: 1504 daAuts
     D:2: 1088 daAuts
     D:1: 869 daAuts
     D:6: 857 daAuts
     D:4: 804 daAuts
     D:5: 615 daAuts
   Sewer: 394 daAuts
     D:7: 217 daAuts
